 Dungeon Crawl Stone Soup version 0.31-a0-618-g7ca08c1ff9 (webtiles) character file.

Game seed: 1472821656977969716

3158 spiderkeys the Ruffian (level 9, -4/63 HPs)
             Began as an Octopode Shapeshifter on Aug 22, 2023.
             Was an Initiate of Gozag.
             Slain by a yak (7 damage)
             ... on level 9 of the Dungeon.
             The game lasted 00:09:01 (8065 turns).

spiderkeys the Ruffian (Octopode Shapeshifter)      Turns: 8065, Time: 00:09:02

Health: -4/63      AC:  5    Str: 17    XL:     9   Next: 94%
Magic:  9/9        EV: 16    Int: 10    God:    Gozag
Gold:   493        SH:  0    Dex: 14    Spells: 8/8 levels left

rFire   . . .        q - +3 dagger (venom)
rCold   . . .        (no shield)
rNeg    . . .        (helmet currently unavailable)
rPois   .            (no amulet)
rElec   .            v - ring of see invisible
rCorr   .            O - +4 ring of protection
SInv    +            (no ring)
Will    .....        (no ring)
Stlth   ++           (no ring)
HPRegen 0.30/turn    (no ring)
MPRegen 0.11/turn    (no ring)
                     (no ring)

%: no passive effects
@: beast-form
A: beast (slay +3), almost no armour, amphibious, 8 rings, camouflage 1,
gelatinous body 1, (nimble swimmer 1), tentacles
a: Begin Untransformation, Renounce Religion, Potion Petition, Call Merchant,
Bribe Branch


You were on level 9 of the Dungeon.
You worshipped Gozag.
Gozag was aware of your devotion.
You were a hulking beast.
You visited 2 branches of the dungeon, and saw 10 of its levels.

You collected 609 gold pieces.
You paid 116 gold pieces to Gozag.


Innate Abilities, Weirdness & Mutations

You are a hulking beast.
Your limbs bulge with bestial killing power. (Slay +3)
You cannot wear most types of armour.
You are amphibious.
You can wear up to eight rings at the same time.
Your skin changes colour to match your surroundings (Stealth+).
Your rubbery body absorbs attacks. (AC +1, EV +1)
((You are camouflaged when in or above water. (Stealth+)))
You have tentacles for arms and can constrict up to eight enemies at once.


   Skills:
 + Level 6.8 Fighting
 + Level 7.1 Dodging
 + Level 7.4 Unarmed Combat
 + Level 6.9 Shapeshifting


You had 8 spell levels left.
You didn't know any spells.
Your spell library contained the following spells:

 Spells                   Type           Power      Damage    Failure   Level
 Sublimation of Blood     Necr           0%         N/A       50%         2
 Passage of Golubria      Tloc           0%         N/A       98%         4
 Petrify                  Tmut/Erth      0%         N/A       98%         4
 Irradiate                Conj/Tmut      0%         3d11      100%        5
 Silence                  Hex/Air        0%         N/A       100%        5
 Lehudib's Crystal Spear  Conj/Erth      0%         10d2      100%        8

Inventory:

Hand Weapons
 q - a +3 dagger of venom (weapon)
   (You took it off a goblin on level 3 of the Dungeon)
Missiles
 g - 54 stones
 l - 4 darts of dispersal {=f!f}
 s - 6 poisoned darts
 A - 3 boomerangs
Jewellery
 v - a ring of see invisible (left tentacle)
   (You found it on level 1 of the Dungeon)
 I - a +6 ring of intelligence
   (You found it on level 8 of the Dungeon)
 O - a +4 ring of protection (right tentacle)
   (You acquired it on level 6 of the Dungeon)
 T - an amulet of faith {!P}
   (You found it on level 5 of the Dungeon)
Talismans
 b - a beast talisman (active)
 c - a flux talisman
Wands
 d - a wand of roots (23)
   (You found it on level 6 of the Dungeon)
 y - a wand of flame (7)
   (You found it on level 5 of the Dungeon)
Scrolls
 e - 3 scrolls of blinking {unknown}
 i - a scroll of torment {!r}
 p - a scroll of vulnerability {unknown}
 r - 2 scrolls of enchant armour {unknown}
 w - a scroll of fog
 x - 2 scrolls of brand weapon
 B - a scroll of immolation {unknown}
 D - a scroll of enchant weapon
 E - a scroll of silence {!r}
 F - a scroll of teleportation {@r4}
Potions
 a - 2 potions of lignification {!q}
 f - a potion of haste {unknown}
 h - a potion of curing {unknown}
 j - 2 potions of ambrosia
 k - a potion of berserk rage {unknown}
 m - a potion of degeneration {unknown}
 n - a potion of enlightenment {unknown}
 o - a potion of heal wounds {unknown}
 t - 3 potions of might {unknown}
 u - a potion of invisibility {unknown}
 z - a potion of attraction {unknown}
 C - 2 potions of resistance {unknown}

Dungeon Overview and Level Annotations

Branches:
Dungeon (9/15) Zot: 26992  Temple (1/1) D:7 Zot: 5989
   Lair: D:8-11         Orc: D:9-12

Altars:
Ashenzari
Cheibriados
Dithmenos
Elyvilon
Fedhas
Gozag
Hepliaklqana
Kikubaaqudgha
Makhleb
Nemelex Xobeh
Okawaru
Qazlal
Ru
Sif Muna
Trog
Uskayaw
Vehumet
Wu Jian
Xom
Yredelemnul
Zin
The Shining One

Shops:
D:4 :

Annotations:
D:1 1 transporter

#+# #.#
#(######
##.....>
##......
##.##.....###.#
.....?YYY.....#
#hY.# ##.......
#######


You could see 4 yaks.


Message History

Found a stone staircase leading down. 😎 HP[+48]
Your hp is fully restored (63).
There is a stone staircase leading down here.
g - 48 stones (gained 7)
There is a stone staircase leading up here.
F - a scroll of teleportation {@r4} A howler monkey comes into view.
A howler monkey is nearby!
A howler monkey is nearby!
A howler monkey comes into view.
Found an escape hatch in the floor.
The howler monkey howls! x2
The howler monkey hoots and howls with incredible vigour!
The howler monkey barely misses you.
You puncture the howler monkey!
The howler monkey is poisoned.
You grab the howler monkey. You constrict the howler monkey.
The howler monkey hits you! The howler monkey closely misses you.
The howler monkey hoots and howls with incredible vigour! 😕 HP[-7]
You take 7 damage, and now have 56/63 hp.
You hit the howler monkey.
You kill the howler monkey!
The howler monkey is distracted by your dazzling golden aura. 😕 HP[+1]
You see here 6 gold pieces.
You completely miss the howler monkey.
The howler monkey is no longer distracted by gold.
You grab the howler monkey. You squeeze the howler monkey.
You constrict the howler monkey, but do no damage.
The howler monkey hoots and howls with incredible vigour!
You hit the howler monkey.
The howler monkey is poisoned.
You constrict the howler monkey. The howler monkey barely misses you.
You puncture the howler monkey! You constrict the howler monkey.
You kill the howler monkey! 😕 HP[+1] No target in view!
You now have 471 gold pieces (gained 6).
You now have 479 gold pieces (gained 8).
There is an escape hatch in the floor here.
Key pressed, stopping explore.
There is an escape hatch in the floor here.
Key pressed, stopping explore.
Key pressed, stopping explore.
You see here a +0 flail.
g - 54 stones (gained 6)
Found a stone staircase leading up. 😎 HP[+5]
Your hp is fully restored (63).
Key pressed, stopping explore.
Key pressed, stopping explore.
Found a stone staircase leading up.
You see here a +0 chain mail.
You see here a +0 chain mail.
Key pressed, stopping explore.
There is a stone staircase leading up here.
There is a stone staircase leading up here.
You see here a +0 chain mail.
Key pressed, stopping explore.
You now have 493 gold pieces (gained 14).
You see here a +0 chain mail.
There is a stone staircase leading up here.
Partly explored, can't reach some items and places.
No target in view!
Partly explored, can't reach some items and places.
Partly explored, can't reach some items and places.
Partly explored, can't reach some items and places.
There is a stone staircase leading down here.
You climb downwards.
The yak bellows! x3
Found a scroll labelled VEHATT DAEHEU and 5 stones.
Found a stone staircase leading down.
There is a stone staircase leading up here.
You hit the yak.
The yak is poisoned.
You hit the yak.
The yak snorts and paws the ground.
The yak completely misses you. The yak misses you.
You puncture the yak!
The yak is poisoned.
Your squeeze misses the yak. The yak gores you. The yak gores you!
The yak misses you. 😕 HP[-9]
You take 9 damage, and now have 54/63 hp.
You hit the yak.
The yak is poisoned.
Your squeeze misses the yak.
The yak gores you. x2; The yak closely misses you. 😮 HP[-7]
You take 7 damage, and now have 47/63 hp.
You hit the yak.
The yak is poisoned.
You squeeze the yak! The yak gores you. The yak gores you!
* * * LOW HITPOINT WARNING * * *
The yak gores you!
* * * LOW HITPOINT WARNING * * *
The yak gores you!
* * * LOW HITPOINT WARNING * * *
😱 HP[-39]
You take 39 damage, and now have 8/63 hp.
MASSIVE DAMAGE!! (PAUSE)
You closely miss the yak. Your squeeze misses the yak. The yak gores you.
* * * LOW HITPOINT WARNING * * *
The yak misses you. The yak completely misses you. The yak gores you!
You die...
Your body crumbles into a pile of gold.

Skill      XL: |  1  2  3  4  5  6  7  8  9 |
---------------+----------------------------+-----
Fighting       | 2 3 4 5 6 |  6.8
Dodging        | 3 4 5 7 |  7.1
Unarmed Combat | 4 5 6 7 |  7.4
Shapeshifting  | 4 5 6 |  6.9

Action                     |  1- 3 |  4- 6 |  7- 9 || total
---------------------------+-------+-------+-------++-------
  Melee: Unarmed           |    66 |    43 |       ||   109
         Constrict         |    16 |    26 |    64 ||   106
         Tentacles         |     7 |    22 |    79 ||   108
         Punch             |     3 |     3 |     8 ||    14
         Dagger            |       |    50 |   279 ||   329
  Throw: Dart              |       |     2 |       ||     2
         Boomerang         |       |       |     3 ||     3
    Use: Potion            |       |     1 |       ||     1
         Scroll            |       |       |     9 ||     9
   Stab: Sleeping          |     6 |     5 |    11 ||    22
         Distracted        |       |       |     1 ||     1
 Armour: Skin              |     5 |     5 |    20 ||    30
  Dodge: Dodged            |    43 |    67 |   175 ||   285

Levels and vault maps discovered:
D:1:      spicycebolla_arrival_risky_transporter, layout_basic,
          ebering_ecumenical_altar_abandoned
D:2:      minmay_door_path, layout_basic, kennysheep_cluttered_room
D:3:      layout_loops_ring, zin_statuary, minmay_box_of_dots
D:4:      layout_rooms, gammafunk_temple_overflow_pools, serial_shops, shop,
          uniq_pargi, uniq_edmund
D:5:      layout_basic, grunt_decor_fettered
D:6:      layout_gridville
D:7:      layout_basic, minmay_temple_entry_glassed_door
D:8:      layout_loops_cross, lemuel_flame_loot_1
D:9:      layout_loops_corners, hiddenorc2_lemuel, evilmike_minifort
Temple:   hellmonk_temple_of_storms

Notes
Turn   | Place    | Note
-------+----------+-------------------------------------------
     0 | D:1      | spiderkeys the Octopode Shapeshifter began the quest for
                  | the Orb.
     0 | D:1      | Reached XP level 1. HP: 13/13 MP: 1/1
     0 | D:1      | magus.rc [v1.11.6]
   123 | D:1      | Reached XP level 2. HP: 18/18 MP: 2/2
   232 | D:1      | Found a faded altar of an unknown god.
   496 | D:2      | Reached XP level 3. HP: 21/24 MP: 3/3
   848 | D:2      | Reached skill level 2 in Fighting
   952 | D:2      | Reached XP level 4. HP: 29/29 MP: 4/4
  1110 | D:3      | Found the +5 robe of Misfortune {Harm *Corrode *Slow EV+5}
  1185 | D:3      | HP: 7/29 [orc/+0 hand axe (1)]
  1188 | D:3      | HP: 3/29 [orc wizard/+0 dagger (2)]
  1191 | D:3      | Reached skill level 3 in Dodging
  1193 | D:3      | Reached XP level 5. HP: 3/35 MP: 5/5
  1435 | D:3      | Found a glowing silver altar of Zin.
  1737 | D:3      | You add the spells Passage of Golubria, Silence and
                  | Lehudib's Crystal Spear to your library.
  1887 | D:3      | HP: 7/35 [quokka (2)]
  2049 | D:4      | Noticed an ogre
  2058 | D:3      | HP: 2/35 [ogre/+0 giant spiked club (33)]
  2090 | D:3      | Killed an ogre
  2091 | D:3      | Reached skill level 3 in Fighting
  2091 | D:3      | Reached skill level 4 in Unarmed Combat
  2091 | D:3      | Reached skill level 4 in Shapeshifting
  2091 | D:3      | Reached XP level 6. HP: 12/42 MP: 6/6
  2226 | D:4      | Noticed Pargi
  2236 | D:4      | HP: 9/42 [Pargi (4)]
  2241 | D:4      | HP: 9/42 [Pargi (4)]
  2246 | D:4      | Killed Pargi
  2337 | D:4      | HP: 10/42 [orc wizard/+0 dagger (1)]
  2339 | D:4      | HP: 2/42 [orc wizard/magic dart (9)]
  2532 | D:4      | Reached XP level 7. HP: 38/46 MP: 7/7
  2535 | D:4      | Reached skill level 4 in Dodging
  2551 | D:4      | HP: 11/46 [phantom (5)]
  2778 | D:4      | Noticed Edmund
  2788 | D:4      | Killed Edmund
  2789 | D:4      | Reached skill level 4 in Fighting
  2960 | D:4      | Found a shimmering blue altar of Sif Muna.
  2960 | D:4      | Found a hazy altar of Hepliaklqana.
  3028 | D:4      | Reached skill level 5 in Unarmed Combat
  3158 | D:4      | Found Lyin's Book Shoppe.
  3221 | D:5      | Entered Level 5 of the Dungeon
  3454 | D:5      | Reached XP level 8. HP: 36/54 MP: 8/8
  3553 | D:5      | Reached skill level 5 in Shapeshifting
  3803 | D:5      | Reached skill level 5 in Dodging
  4318 | D:5      | Reached skill level 5 in Fighting
  4448 | D:6      | HP: 13/55 [ice beast (12)]
  4682 | D:6      | Identified a scroll of acquirement
  4682 | D:6      | Acquired a +4 ring of protection
  4738 | D:6      | Reached skill level 6 in Unarmed Combat
  4810 | D:6      | Reached XP level 9. HP: 56/61 MP: 9/9
  5009 | D:6      | Reached skill level 6 in Dodging
  5009 | D:6      | Reached skill level 6 in Shapeshifting
  5597 | D:6      | You add the spells Sublimation of Blood, Petrify and
                  | Irradiate to your library.
  5620 | D:6      | Reached skill level 6 in Fighting
  6243 | D:7      | Found a staircase to the Ecumenical Temple.
  6308 | Temple   | Entered the Ecumenical Temple
  6313 | Temple   | Became a worshipper of Gozag Ym Sagoz the Greedy
  6437 | D:7      | Reached skill level 7 in Unarmed Combat
  6613 | D:7      | HP: 13/63 [gnoll sergeant/+0 spear (3)]
  7352 | D:8      | HP: 15/63 [wyvern (5)]
  7354 | D:8      | Reached skill level 7 in Dodging
  8064 | D:9      | HP: 8/63 [yak (8)]
  8065 | D:9      | HP: 3/63 [yak (6)]
  8065 | D:9      | Slain by a yak

Vanquished Creatures
  A wyvern (D:8)
  A water moccasin (D:5)
  Edmund (D:4)
  Pargi (D:4)
  2 sky beasts (D:7)
  A black bear (D:6)
  An ice beast (D:6)
  3 ogres
  A centaur (D:7)
  3 phantoms
  2 bullfrogs
  A gnoll sergeant (D:7)
  5 scorpions
  5 wights
  2 jellies (D:6)
  4 howler monkeys
  2 orc priests
  2 hounds
  6 iguanas
  A sleepcap (D:6)
  7 orc wizards
  7 gnolls
  10 adders
  2 white imps
  6 dart slugs
  39 orcs
  7 ball pythons
  6 endoplasms
  2 giant cockroaches
  11 goblins
  7 hobgoblins
  4 kobolds
  6 quokkas
  4 bats
  A frilled lizard (D:3)
  11 rats
175 creatures vanquished.

Table legend:
 A = Non-vault XP
 B = Vault XP
 C = Vault XP percentage of total XP
 D = Non-vault monster count
 E = Vault monster count
 F = Vault count percentage of total count
                 A         B        C        D         E       F
            +---------+---------+-------+---------+---------+-------
      Total |    4198 |     314 |   7.0 |     165 |      10 |   5.7
            +---------+---------+-------+---------+---------+-------
        D:1 |      32 |       0 |   0.0 |      21 |       0 |   0.0
        D:2 |      65 |       4 |   5.8 |      18 |       3 |  14.3
        D:3 |     227 |      11 |   4.6 |      19 |       5 |  20.8
        D:4 |     354 |     299 |  45.8 |      20 |       2 |   9.1
        D:5 |     845 |       0 |   0.0 |      22 |       0 |   0.0
        D:6 |    1429 |       0 |   0.0 |      29 |       0 |   0.0
        D:7 |     798 |       0 |   0.0 |      23 |       0 |   0.0
        D:8 |     448 |       0 |   0.0 |      13 |       0 |   0.0
            +---------+---------+-------+---------+---------+-------

Skill      XL: |  1  2  3  4  5  6  7  8  9 |
---------------+----------------------------+-----
Fighting       | 2 3 4 5 6 |  6.8
Dodging        | 3 4 5 7 |  7.1
Unarmed Combat | 4 5 6 7 |  7.4
Shapeshifting  | 4 5 6 |  6.9

Action                     |  1- 3 |  4- 6 |  7- 9 || total
---------------------------+-------+-------+-------++-------
  Melee: Unarmed           |    66 |    43 |       ||   109
         Constrict         |    16 |    26 |    64 ||   106
         Tentacles         |     7 |    22 |    79 ||   108
         Punch             |     3 |     3 |     8 ||    14
         Dagger            |       |    50 |   279 ||   329
  Throw: Dart              |       |     2 |       ||     2
         Boomerang         |       |       |     3 ||     3
    Use: Potion            |       |     1 |       ||     1
         Scroll            |       |       |     9 ||     9
   Stab: Sleeping          |     6 |     5 |    11 ||    22
         Distracted        |       |       |     1 ||     1
 Armour: Skin              |     5 |     5 |    20 ||    30
  Dodge: Dodged            |    43 |    67 |   175 ||   285

Illustrated notes

Table legend:
 A = Kills in this place as a percentage of kills in the entire game.
 B = Kills by you in this place as a percentage of kills by you in the entire game.
 C = Kills by friends in this place as a percentage of kills by friends in the entire game.
 D = Other kills in this place as a percentage of other kills in the entire game.
 E = Experience gained in this place as a percentage of experience gained in the entire game.
 F = Experience gained in this place divided by the number of levels of this place that you have seen.
                   A       B       C       D       E      F
               +-------+-------+-------+-------+-------+----------------------
         Total | 100.0 | 100.0 |   N/A |   N/A | 100.0 | 451.2
       Dungeon | 100.0 | 100.0 |   N/A |   N/A | 100.0 | 501.3
               +-------+-------+-------+-------+-------+----------------------

Table legend: (Time is in decaauts)
 A = Elapsed time spent in this place.
 B = Non-inter-level travel time spent in this place.
 C = Inter-level travel time spent in this place.
 D = Time resting spent in this place.
 E = Time spent auto-exploring this place.
 F = Levels seen in this place.
 G = Mean time per level.
                   A        B        C        D        E       F      G
               +--------+--------+--------+--------+--------+-----+--------+
         Total |   8058 |   7846 |    212 |    390 |   6301 |  10 |  805.8 |
       Dungeon |   8047 |   7839 |    208 |    390 |   6301 |   9 |  894.1 |
        Temple |     10 |      6 |      4 |      0 |      0 |   1 |   10.0 |
               +--------+--------+--------+--------+--------+-----+--------+

Top non-repeatable levels by time:
     D:6: 1470 daAuts
     D:3: 1418 daAuts
     D:5: 1317 daAuts
     D:7: 1143 daAuts
     D:8: 894 daAuts
     D:4: 729 daAuts
     D:2: 588 daAuts
     D:1: 479 daAuts
  Temple: 10 daAuts
     D:9: 6 daAuts
